 Dungeon Crawl Stone Soup version 0.28-a0-1395-g4f6bc678fa (webtiles) character file.

Game seed: 8449239888940179491

347 Deminshera the Shield-Bearer (level 6, -2/47 HPs)
             Began as a Demonspawn Wanderer on Jan 4, 2022.
             Was an Initiate of Hepliaklqana.
             Slain by an orc priest (4 damage)
             ... on level 3 of the Dungeon.
             The game lasted 00:03:51 (3039 turns).

Deminshera the Shield-Bearer (Demonspawn Wanderer)  Turns: 3039, Time: 00:03:53

Health: -2/47      AC:  6    Str: 12    XL:     6   Next: 33%
Magic:  7/7        EV: 10    Int: 14    God:    Hepliaklqana [......]
Gold:   63         SH:  5    Dex: 14    Spells: 5/7 levels left

rFire   . . .      SeeInvis .   f - +0 whip (elec)
rCold   . . .      Faith    .   c - +0 buckler
rNeg    . . .      Spirit   .   j - +0 leather armour
rPois   +          Reflect  .   (no helmet)
rElec   .          Harm     .   (no cloak)
rCorr   .          Rampage  .   d - +0 pair of gloves
Will    .....                   (no boots)
Stlth   +.........              (no amulet)
HPRegen 0.15/turn               k - ring of poison resistance
MPRegen 0.20/turn               (no ring)

@: no status effects
A: yellow scales 1, foul stench 1, magic regeneration
a: Renounce Religion


You were on level 3 of the Dungeon.
You worshipped Hepliaklqana.
Hepliaklqana was noncommittal.
You visited 1 branch of the dungeon, and saw 3 of its levels.

You collected 63 gold pieces.

Inventory:

Hand Weapons
 f - a +0 whip of electrocution (weapon)
Armour
 c - a +0 buckler (worn)
 d - a +0 pair of gloves (worn)
 j - a +0 leather armour (worn)
Jewellery
 k - a ring of poison resistance (left hand)
 m - a ring of fire
Scrolls
 a - a scroll of teleportation {unknown}
 b - a scroll of brand weapon {unknown}
 i - a scroll of fog {unknown}
 l - 3 scrolls of identify {unknown}
Potions
 g - a potion of mutation {unknown}
 h - a potion of curing {unknown}
 n - a potion of lignification {unknown}
 o - a potion of attraction {unknown}


   Skills:
 + Level 3.5 Fighting
 - Level 1.2 Short Blades
 + Level 2.7 Maces & Flails
 + Level 3.7 Shields
 - Level 1.0 Spellcasting
 - Level 3.6 Transmutations
 - Level 1.7 Fire Magic
 - Level 1.2 Invocations


You had 5 spell levels left.
You knew the following spells:

 Your Spells              Type           Power      Damage    Failure   Level
a - Sting                 Tmut/Pois      20%        1d4       17%         1
b - Foxfire               Conj/Fire      12%        2x1d4     24%         1

Your spell library contained the following spells:

 Spells                   Type           Power      Damage    Failure   Level
 Spider Form              Tmut/Pois      5%         N/A       45%         3
 Inner Flame              Hex/Fire       3%         N/A       58%         3
 Flame Wave               Conj/Fire      3%         2d4       94%         4


Dungeon Overview and Level Annotations

Branches:
Dungeon (3/15)

Altars:
Hepliaklqana


Innate Abilities, Weirdness & Mutations

You are partially covered in yellow scales. (AC +2)
You may rarely emit foul miasma when damaged in melee.
You regenerate magic rapidly.


Message History

The orc hits you but does no damage.
You hit the orc.
The orc is almost dead.
The bat closely misses you. The bat hits you but does no damage.
The orc hits you with a +0 hand axe.
You miss the orc.
The orc is almost dead.
You feel less invigorated.
You feel less confused. You block the bat's attack. The bat closely misses you.
The orc closely misses you.
The orc priest invokes the aid of Beogh against you.
Beogh smites you!
* * * LOW HITPOINT WARNING * * *
You hit the orc. Lightning courses through the orc!
You kill the orc!
The bat barely misses you. The bat barely misses you.
The orc priest mumbles some strange prayers to Beogh against you.
Beogh smites you!
* * * LOW HITPOINT WARNING * * *
You block the bat's attack.
Items here: ( ))) [[ †.
You hit the orc priest but do no damage.
You block the bat's attack. The bat barely misses you.
The orc priest barely misses you.
You hit the orc priest but do no damage.
The bat hits you.
* * * LOW HITPOINT WARNING * * *
The orc priest closely misses you.
You hit the orc priest.
The orc priest is lightly wounded.
You block the bat's attack. The bat closely misses you.
The orc priest hits you but does no damage.
You barely miss the orc priest.
The orc priest is lightly wounded.
You block the bat's attack. The bat closely misses you.
The bat hits you but does no damage.
The orc priest hits you with a +0 short sword.
You die...

.........#......#
.#######...####.#
....#####.## #.#
......# #.# #.#
..###.###.# #.#
#.# #.....# #.#
..###.#######
#.#####...
............#
#.b.......
##...######.#
##@#.#.#. ##.##
#o........ #.#
##.#.#.#.# #.#
.....>.. #.# #.#
#.#. #.# ... ...
#.# #.# #.# #.#
... .. ###.#


You could see an orc priest and a bat.

Vanquished Creatures
  Sigmund (D:2)
  A necrophage (D:2)
  2 adders
  A worm (D:2)
  4 dart slugs
  5 orcs (D:3)
  4 ball pythons
  3 bats
  6 endoplasms
  2 giant cockroaches
  4 goblins
  8 hobgoblins
  2 jackals (D:2)
  2 kobolds (D:1)
  A quokka (D:1)
  5 frilled lizards
  6 rats
57 creatures vanquished.

Notes
Turn   | Place    | Note
-------+----------+-------------------------------------------
     0 | D:1      | Deminshera the Demonspawn Wanderer began the quest for the
                  | Orb.
     0 | D:1      | Deminshera set off with the following items: a +0 dagger, a
                  | +0 robe, a +0 buckler; and the following spells available
                  | to memorise: Sting, Foxfire, Spider Form, Inner Flame,
                  | Flame Wave
     0 | D:1      | Reached XP level 1. HP: 13/13 MP: 2/2
     2 | D:1      | Learned a level 1 spell: Sting
     4 | D:1      | Learned a level 1 spell: Foxfire
   329 | D:1      | Gained mutation: You are partially covered in yellow
                  | scales. (AC +2) [demonic ancestry]
   329 | D:1      | Reached XP level 2. HP: 17/20 MP: 0/3
   343 | D:1      | Reached skill level 1 in Fighting
   630 | D:1      | Reached skill level 1 in Short Blades
  1093 | D:1      | Gained mutation: You may rarely emit foul miasma when
                  | damaged in melee. [demonic ancestry]
  1093 | D:1      | Reached XP level 3. HP: 26/26 MP: 4/4
  1338 | D:2      | Found a hazy altar of Hepliaklqana.
  1352 | D:2      | Became a worshipper of Hepliaklqana the Forgotten
  1853 | D:2      | Noticed a necrophage
  1906 | D:2      | Killed a necrophage
  1907 | D:2      | Reached skill level 1 in Maces & Flails
  1907 | D:2      | Gained mutation: You regenerate magic rapidly. [demonic
                  | ancestry]
  1907 | D:2      | Reached XP level 4. HP: 20/34 MP: 5/5
  1907 | D:2      | Reached XP level 5. HP: 23/39 MP: 6/6
  2211 | D:2      | Noticed Sigmund
  2219 | D:2      | Killed Sigmund
  2220 | D:2      | Reached XP level 6. HP: 44/47 MP: 7/7
  3035 | D:3      | HP: 2/47 [orc priest/divine providence (11)]
  3039 | D:3      | Slain by an orc priest

Illustrated notes

Levels and vault maps discovered:
D:1:      ncdulo_smallfort, layout_loops_corners, minmay_misc_feat_roman,
          chequers_serial_rivers_small_b
D:2:      layout_basic, basic_altar, uniq_sigmund
D:3:      layout_loops_ring, st_stairs_9, uniq_robin

Skill      XL: |  1  2  3  4  5 |
---------------+----------------+-----
Shields        | 2 3 |  3.7
Fighting       | 1 2 3 |  3.5
Short Blades   | 1 |  1.2
Maces & Flails | 1 2 |  2.7
Spellcasting   | |  1.0
Transmutations | |  3.6
Fire Magic     | |  1.7
Invocations    | |  1.2

Action                   |  1- 3 |  4- 6 || total
-------------------------+-------+-------++-------
Melee: Dagger            |    55 |       ||    55
       Whip              |    56 |    59 ||   115
 Cast: Sting             |    22 |       ||    22
  Use: Potion            |     2 |     1 ||     3
 Stab: Sleeping          |     3 |       ||     3
Armor: Robe              |    26 |       ||    26
       Leather armour    |     6 |    36 ||    42
Dodge: Dodged            |    64 |    36 ||   100
Block: Buckler           |    23 |    19 ||    42

Table legend: (Time is in decaauts)
 A = Elapsed time spent in this place.
 B = Non-inter-level travel time spent in this place.
 C = Inter-level travel time spent in this place.
 D = Time resting spent in this place.
 E = Time spent auto-exploring this place.
 F = Levels seen in this place.
 G = Mean time per level.
                   A        B        C        D        E       F      G
               +--------+--------+--------+--------+--------+-----+--------+
         Total |   3025 |   2921 |    104 |    261 |   2152 |   3 | 1008.3 |
       Dungeon |   3025 |   2921 |    104 |    261 |   2152 |   3 | 1008.3 |
               +--------+--------+--------+--------+--------+-----+--------+

Top non-repeatable levels by time:
     D:1: 1326 daAuts
     D:2: 1250 daAuts
     D:3: 448 daAuts
